AoeStats
← Chris77A

Highland

504035690Analyzed
3v3 RM · 29d ago on Sep 3, 2026· 20m 26s· 6 players
Game mode
Random Map
Map size
Normal (6 player)
Population
200
Speed
Normal
Resources
Standard
Victory
Conquest
Starting age
Dark Age
Ending age
Imperial Age
RankedLock teamsTeams togetherTeam positionsShared explorationLock speedFull tech treeHidden civsTurbo modeCheats
Victory
Defeat
🇬🇧 Spanish · United Kingdom
1337
+10
🇬🇧 Hindustanis · United Kingdom
1243
+14
🇬🇧 Byzantines · United Kingdom
1188
+15
🇨🇴 Tatars · Colombia
1208
-14
🇪🇸 Vikings · Spain
1182
-13
🇫🇷 Vietnamese · France
1178
-12
steven.gimenez
1:03 Loom
11:44 Feudal Age
17:05 Castle Age
15:23 Double-Bit Axe
Viejo SuiCida
6:21 Loom
14:37 Feudal Age
17:45 Double-Bit Axe
CTM | Kiara
9:46 Loom
11:33 Feudal Age
10:40 Loom
16:49 Castle Age
16:42 Fletching
16:43 Double-Bit Axe
17:40 Bodkin Arrow
18:51 Padded Archer Armor
19:57 Ballistics
out.c/imperator`
3:58 Loom
11:35 Feudal Age
15:18 Castle Age
13:50 Double-Bit Axe
16:35 Wheelbarrow
16:12 Bow Saw
16:35 Horse Collar
17:19 Heavy Plow
DrunkMonk
4:08 Loom
11:58 Feudal Age
12:45 Double-Bit Axe
15:21 Forging
15:17 Scale Barding Armor
17:15 Horse Collar
20:22 Castle Age
20:46 Bloodlines
Chris77A
4:15 Loom
12:33 Feudal Age
17:36 Castle Age
18:30 Demolition Ship
19:25 Double-Bit Axe
Connection lost

Rejoining the realm…

Still unreachable

The connection could not be restored.

Session expired

The server has moved on; the page needs a fresh start.